 Dungeon Crawl Stone Soup version 0.17.0-18-gaab0e96 (webtiles) character file.

18 st0uf the Conjurer (level 2, 0/23 HPs)
             Began as a Demigod Conjurer on Nov 11, 2015.
             Slain by Ijyb
             ... wielding a +0 dagger
              (1 damage)
             ... on level 2 of the Dungeon.
             The game lasted 00:05:02 (691 turns).

st0uf the Conjurer (Demigod Conjurer)                Turns: 691, Time: 00:05:02

Health: 0/23       AC:  5    Str: 11    XL:     2   Next: 33%
Magic:  0/7        EV: 12    Int: 19    God:
Gold:   71         SH:  0    Dex: 16    Spells: 1 memorised, 4 levels left

rFire  . . .     SeeInvis .     (no weapon)
rCold  . . .     Clarity  .     a - +0 robe
rNeg   . . .     SustAt   +     (no shield)
rPois  .         Gourm    .     p - +0 helmet
rElec  .         Spirit   .     (no cloak)
rCorr  .         Warding  .     r - +1 pair of gloves
rMut   .         Rnd*Tele +     (no boots)
MR     .....                    (no amulet)
Stlth  +++.......               q - ring of stealth
                                i - ring of teleportation (curse)

@: not resistant to hostile enchantments, fairly stealthy
A: high mp 1, sustain attributes
a: Evoke Teleportation


You were on level 2 of the Dungeon.
You were not hungry.

You visited 1 branch of the dungeon, and saw 2 of its levels.

You collected 71 gold pieces.

Inventory:

Armour
 a - a +0 robe (worn)
 p - a +0 helmet (worn)
 r - a +1 pair of gloves (worn)
Jewellery
 i - a cursed ring of teleportation (left hand)
 j - a +4 ring of intelligence
 l - an uncursed ring of fire
 q - a ring of stealth (right hand)
Potions
 d - a potion of curing {unknown}
 e - a potion of flight {unknown}
 f - 2 potions of agility {unknown}
 g - 2 potions of invisibility
 k - a potion of cancellation {unknown}
 n - a potion of lignification {unknown}
Books
 b - a book of Conjurations

   Spells                             Type                      Level
   a - Magic Dart                     Conjuration                  1
   b - Searing Ray                    Conjuration                  2
   c - Dazzling Spray                 Conjuration/Hexes            3
   d - Fulminant Prism                Conjuration/Hexes            4
   e - Iskenderun's Mystic Blast      Conjuration                  4
   f - Iskenderun's Battlesphere      Conjuration/Charms           5
Comestibles
 c - a bread ration
 h - 4 meat rations
 m - a royal jelly
 o - 3 chunks of flesh


   Skills:
 + Level 1.0 Fighting
 + Level 1.8 Dodging
 - Level 1.7 Stealth
 + Level 2.0 Spellcasting
 + Level 3.8 Conjurations


You had 4 spell levels left.
You knew the following spells:

 Your Spells              Type           Power        Failure   Level  Hunger
a - Magic Dart            Conj           ###.         4%          1    #......


Dungeon Overview and Level Annotations

Branches:
Dungeon (2/15)

Annotations:
D:2 Ijyb


Innate Abilities, Weirdness & Mutations

You have an increased reservoir of magic (+10% MP).
Your attributes are resistant to harm.


Message History

You barely miss Ijyb.
Ijyb is moderately wounded.
Ijyb hits you with a dagger. x2
* * * LOW HITPOINT WARNING * * *
Casting: Magic Dart
Confirm with . or Enter, or press ? or * to list all spells.
Aiming: Magic Dart
Press: ? - help, Shift-Dir - straight line, f/p - Ijyb
Aim: Ijyb, wielding a dagger, wearing a scale mail and carrying a wand of hasting {zapped: 1} (moderately wounded, fast)
The magic dart hits Ijyb.
Ijyb is moderately wounded.
Ijyb closely misses you.
You hit Ijyb.
Ijyb is heavily wounded.
Ijyb hits you but does no damage. Ijyb hits you with a dagger.
* * * LOW HITPOINT WARNING * * *
You hit Ijyb but do no damage.
Ijyb is heavily wounded.
Ijyb hits you with a dagger.
You die...

#..#..)........#
#..............#
##..............#
#...............#
................# .
................### #..
.............)....##....
#.....................(.
##...........##.@g#.... .
#....#(.#..###.### # ..
###....##..###.##.. ...
##.........#....## ##....
##.#.##......##..###......
##..#.##................#
###..##........#.....<#..#
#.......##..............#
รท.#####.#...............#


You could see Ijyb.

Vanquished Creatures
  2 giant geckos (D:1)
  5 bats
  3 goblins
  A hobgoblin (D:1)
  A kobold (D:2)
  2 rats
14 creatures vanquished.

Notes
Turn   | Place    | Note
--------------------------------------------------------------
     0 | D:1      | st0uf the Demigod Conjurer began the quest for the Orb.
     0 | D:1      | Reached XP level 1. HP: 14/14 MP: 5/5
   178 | D:1      | Reached XP level 2. HP: 22/22 MP: 0/7
   483 | D:2      | Reached skill level 1 in Fighting
   675 | D:2      | Noticed Ijyb
   690 | D:2      | HP: 1/23 [Ijyb/dagger (4)]
   691 | D:2      | Slain by Ijyb

Action                   || total
-------------------------++-------
Melee: Unarmed           ||    24
 Cast: Magic Dart        ||    34
  Use: Scroll            ||     2
 Stab: Sleeping          ||     1
